 Dungeon Crawl Stone Soup version 0.31-a0-844-gdc52ec4e09 (webtiles) character file.

Game seed: 16110731343346828655

32 Ethylacetat the Changeling (level 3, -1/18 HPs)
             Began as a Vine Stalker Shapeshifter on Sept 28, 2023.
             Slain by Sigmund
             ... wielding a +3 scythe of protection
              (6 damage)
             ... on level 2 of the Dungeon.
             The game lasted 00:01:00 (681 turns).

Ethylacetat the Changeling (VSSh)                    Turns: 681, Time: 00:01:00

Health: -1/18      AC:  2    Str: 16    XL:     3   Next: 27%
Magic:  0/4        EV: 12    Int: 10    God:
Gold:   41         SH:  0    Dex: 15    Spells: 2/2 levels left

rFire   . .          .
                       - Unarmed
rCold   . . .        (no shield)
rNeg    . . .        a - +0 animal skin
rPois   .            (helmet currently unavailable)
rElec   .            (cloak currently unavailable)
rCorr   .            (gloves currently unavailable)
SInv    .            (boots currently unavailable)
Will    .....        (no amulet)
Stlth   +            (no ring)
HPRegen 1.03/turn    (no ring)
MPRegen 0.09/turn

%: guardian spirit
@: beast-form
A: beast (slay +1), fangs 2, regeneration 1, magic shield, antimagic bite, no
potion heal 2
a: Begin Untransformation


You were on level 2 of the Dungeon.
You were a hulking beast.
You visited 1 branch of the dungeon, and saw 2 of its levels.

You collected 41 gold pieces.

Inventory:

Armour
 a - a +0 animal skin (worn)
Talismans
 c - a beast talisman (active)
 d - a flux talisman
Scrolls
 g - a scroll of teleportation {unknown}
Potions
 b - 2 potions of lignification
 e - a potion of enlightenment {unknown}
 f - a potion of attraction {unknown}
 h - a potion of ambrosia {unknown}


   Skills:
 + Level 1.4 Fighting
 + Level 1.9 Dodging
 + Level 3.2 Unarmed Combat
 * Level 3.4 Shapeshifting


You had 2 spell levels left.
You didn't know any spells.
Your spell library was empty.

Dungeon Overview and Level Annotations

Branches:
Dungeon (2/15)

Altars:

Annotations:
D:2 Sigmund


Innate Abilities, Weirdness & Mutations

You are a hulking beast.
Your limbs bulge with bestial killing power. (Slay +1)
You have extremely sharp teeth.
Your natural rate of healing is unusually fast.
When hurt, damage is shared between your health and your magic reserves.
Your bite disrupts and absorbs the magic of your enemies.
Potions cannot restore your health.


Message History

Sigmund the Dreaded comes into view.
He is wielding a +3 scythe of protection.
Found 3 scrolls labelled QAECYDGHASAR.
Found a stone staircase leading down.
Sigmund is nearby!
Sigmund hits you from afar with a +3 scythe of protection.
You hit Sigmund but do no damage. You bite Sigmund, but do no damage.
Sigmund hits you with a +3 scythe of protection!
Ouch! That really hurt!
You are too injured to fight recklessly!
You are too injured to fight recklessly!
You hit Sigmund. You bite Sigmund, but do no damage.
Sigmund is lightly wounded.
You closely miss Sigmund. Your bite misses Sigmund.
Sigmund is lightly wounded.
Sigmund closely misses you.
You hit Sigmund but do no damage.
Sigmund is lightly wounded.
Sigmund hits you but does no damage.
You closely miss Sigmund.
Sigmund is lightly wounded.
You hit Sigmund but do no damage. You bite Sigmund, but do no damage.
Sigmund is lightly wounded.
Sigmund hits you with a +3 scythe of protection.
You closely miss Sigmund.
Sigmund is lightly wounded.
Sigmund closely misses you.
You hit Sigmund.
Sigmund is moderately wounded.
You hit Sigmund but do no damage. You bite Sigmund, but do no damage.
Sigmund is moderately wounded.
Sigmund closely misses you.
You hit Sigmund. Your bite misses Sigmund.
Sigmund is heavily wounded.
Sigmund casts a spell at you. The puff of flame hits you!
* * * LOW HITPOINT WARNING * * *
You hit Sigmund but do no damage.
Sigmund is heavily wounded.
Sigmund hits you with a +3 scythe of protection!
You die...
Sigmund begins carving another notch in his scythe.

........###.#.#
........# #.# #
........###.#.#
..........#.#.#
..............#
........#...##########
........###.# #.....#
........# #.####.@...#
........# #.....h....#
........#
#####.........
.######## #.........
.......... ..........#
...?.......#
.............
...........>..


You could see Sigmund.

Vanquished Creatures
  2 dart slugs (D:1)
  3 bats (D:1)
  An endoplasm (D:1)
  A giant cockroach (D:1)
  2 goblins (D:1)
  2 hobgoblins (D:1)
  4 jackals (D:1)
  A kobold (D:1)
  3 quokkas (D:1)
  A ball python (D:1)
  4 frilled lizards (D:1)
  A rat (D:1)
25 creatures vanquished.

Notes
Turn   | Place    | Note
-------+----------+-------------------------------------------
     0 | D:1      | Ethylacetat the Vine Stalker Shapeshifter began the quest
                  | for the Orb.
     0 | D:1      | Reached XP level 1. HP: 9/9 MP: 2/2
    20 | D:1      | Reached skill level 1 in Fighting
    92 | D:1      | Reached XP level 2. HP: 14/14 MP: 3/3
   292 | D:1      | Reached XP level 3. HP: 16/18 MP: 4/4
   667 | D:2      | Noticed Sigmund
   681 | D:2      | Slain by Sigmund

Illustrated notes

Levels and vault maps discovered:
D:1:      dpeg_arrival_fog, layout_basic, minmay_misc_feat_doors,
          minmay_close_crescents
D:2:      layout_basic, grunt_decor_arrowhead, uniq_jessica, uniq_sigmund,
          uniq_robin, uniq_natasha

Skill      XL: |  1 |
---------------+----+-----
Fighting       | 1 |  1.4
Dodging        | |  1.9
Unarmed Combat | |  3.2
Shapeshifting  | |  3.4

Action                     || total
---------------------------++-------
  Melee: Unarmed           ||    67
         Bite              ||    16
   Stab: Sleeping          ||     1
 Armour: Animal skin       ||    38
  Dodge: Dodged            ||    41

Table legend: (Time is in decaauts)
 A = Elapsed time spent in this place.
 B = Non-inter-level travel time spent in this place.
 C = Inter-level travel time spent in this place.
 D = Time resting spent in this place.
 E = Time spent auto-exploring this place.
 F = Levels seen in this place.
 G = Mean time per level.
                   A        B        C        D        E       F      G
               +--------+--------+--------+--------+--------+-----+--------+
         Total |    677 |    671 |      6 |      0 |    529 |   2 |  338.5 |
       Dungeon |    677 |    671 |      6 |      0 |    529 |   2 |  338.5 |
               +--------+--------+--------+--------+--------+-----+--------+

Top non-repeatable levels by time:
     D:1: 637 daAuts
     D:2: 39 daAuts
